[Event "87th Spanish Championship 2022"]
[Site "Linares"]
[Date "2022.08.12"]
[Round "2.34"]
[White "Vesga Izeta, Markel"]
[Black "Esquivias Quintero, Luis Manuel"]
[Result "0-1"]
[ECO "E01"]
[WhiteElo "2143"]
[BlackElo "2299"]
[Annotator "TA"]
[PlyCount "168"]
[EventDate "2022.08.11"]
[EventType "swiss"]
[EventCountry "ESP"]
[SourceTitle "playchess.com"]
[Source "ChessBase"]
[SourceQuality "1"]
[TimeControl "5400+30"]

1. d4 Nf6 2. c4 e6 3. g3 d5 4. Bg2 Bb4+ 5. Nd2 O-O 6. Ngf3 dxc4 7. Qc2 (7. a3 $5 Bxd2+ 8. Bxd2 $11) 7... a6 {[%emt 0:18:41] E04: Open Catalan: 5 Nf3.} (7... b5 {is more complex.} 8. a4 a6 9. axb5 Bb7) 8. Qxc4 (8. a4 {seems wilder.} b5 9. axb5 Bb7 10. bxa6 Rxa6 11. Rxa6 Nxa6 12. O-O) 8... Be7 {[%emt 0:00:07] [#]} 9. a4 $146 {[%emt 0:16:18] Prevents b5.} (9. Ne5 $14) ({Predecessor:} 9. Qc2 Nc6 10. e3 Nb4 11. Qb1 c5 12. a3 Nc6 13. dxc5 Bxc5 14. b4 Be7 15. Bb2 {½-½ (31) Matlakov,M (2700)-Blesic,V (2390) Caleta 2019}) 9... Nbd7 {[%emt 0:05:25][%cal Ob7b5] The position is equal.} (9... b5 $5 10. Qb3 Bb7 $11) 10. Qc2 c5 11. O-O cxd4 12. Nxd4 Nc5 13. N2b3 Nxb3 14. Nxb3 Nd5 15. Bd2 Bd7 16. Qd3 Qe8 17. Na5 (17. Bxd5 $11 exd5 18. Bc3) 17... Bxa4 $15 18. Nxb7 Bb5 19. Qf3 Qd7 (19... Qc8 $15 20. Na5 Qc2) 20. Na5 $11 Bf6 21. Rfd1 Qe7 (21... Ba4 $15 {stays ahead.} 22. Rdb1 Bc2) 22. e4 $16 Nb4 23. Qb3 Nd3 24. e5 $1 Nxe5 25. Bb4 Qc7 26. Rac1 {[%emt 0:00:29][%mdl 1024] White has strong compensation.} Qb6 27. Rd6 {[%emt 0:00:48] Prevents Nd3.} (27. Bxf8 $16 Rxf8 28. Qb4 (28. Nc4 Nxc4 29. Rxc4 Rd8 $14)) 27... Qa7 $15 28. Qa3 (28. Nb7 $15) 28... Rac8 ({Reject} 28... Ng4 29. Bc5 Rac8 30. Nb7 (30. Bxa7 $2 Rxc1+ 31. Bf1 Rxf1+ 32. Kg2 Rb1 $19) 30... Rxc5 31. Nxc5 $11 (31. Rxc5 Qb8 $11)) 29. Rcd1 ({Not} 29. Rc5 $2 Be7 30. Qc3 Bxd6 $19) (29. Bc5 $17) 29... Bd8 {[%emt 0:02:16] Hoping for ...Bxa5.} 30. b3 Bb6 ({Stronger than} 30... Bxa5 31. Qxa5 Rfe8 32. Rd8 Rcxd8 33. Rxd8 $15) 31. Qb2 Ng4 32. Rxb6 Qxb6 33. Bxf8 Rxf8 {[%emt 0:00:37] Dancing on a razor blade.} 34. b4 Rd8 35. Rxd8+ (35. Rc1 $142) 35... Qxd8 $17 36. Bf3 {[%emt 0:00:10] [#] Inhibits Qd1+.} (36. Qc2 $17 {was necessary.}) 36... Nf6 (36... Qd3 $1 $19 37. Qc1 f5 38. Bxg4 fxg4) 37. Kg2 (37. Qc3 $17) 37... h6 (37... Qd3 $19 38. Qa1 Qd2) 38. Nb7 (38. Qc3 $17) 38... Qe7 (38... Qd3 $19 39. Qc1 e5) 39. Nc5 (39. Qc3 $17 {keeps fighting.}) 39... e5 (39... a5 $1 $19 {And now ...Qd6 would win.} 40. h4 a4) 40. Be2 Bxe2 41. Qxe2 {[%emt 0:00:05][%mdl 4096] Endgame KQN-KQN} a5 $1 42. Qb5 axb4 43. Qb8+ Kh7 44. Qxb4 e4 45. Qd4 g6 46. Qe3 Qe5 47. Nd3 Qf5 48. Nf4 (48. Nb4 $17 {was worth a try.}) 48... g5 $19 49. Nh3 {[%emt 0:00:45] [#]} Ng4 ({Better is} 49... Qf3+ $1 $19 50. Qxf3 exf3+ 51. Kxf3 g4+ 52. Kg2 gxh3+ 53. Kxh3 Kg6) 50. Qe2 $17 Ne5 {[%emt 0:00:46] aiming for ...Qf3+.} 51. Ng1 {[%emt 0:00:28] Prevents Qf3+.} Kg7 52. h3 Kh7 53. Qd1 Nd3 54. Qe2 Qe5 {[%emt 0:00:24] 0x0.0013bba6ba41dp-1022s more active pieces.} 55. Qe3 {[%emt 0:01:02] Inhibits Qd4.} Kg7 56. f3 ({White should play} 56. Ne2) 56... exf3+ 57. Kxf3 Qd5+ 58. Ke2 Ne5 59. Kf2 Nc4 60. Qc3+ Kh7 61. Nf3 Nd6 {[%emt 0:00:30] ( -> ...Ne4+)} 62. Nd2 $2 {[%emt 0:00:29][%mdl 8192] [#]} (62. Qe5 $17 Qa2+ 63. Kg1 Qb1+ 64. Qe1) 62... Qxd2+ $3 63. Qxd2 Ne4+ 64. Ke3 Nxd2 65. Kxd2 {[%emt 0:00:02] K3P-KPP} Kg6 66. Ke3 Kf5 $2 (66... h5 {mates} 67. Ke4 f5+ 68. Ke5 h4 69. gxh4 gxh4 70. Kd4 Kh6 71. Kd5 Kh5 72. Kd4 Kg6 73. Ke3 Kf6 74. Kf4 Ke6 75. Kf3 Ke5 76. Ke3 f4+ 77. Kf3 Kf5 78. Ke2 Ke4 79. Kf2 f3 80. Kf1 Ke5 81. Kg1 Kf5 82. Kf1 Ke4 83. Kf2 Kf4 84. Kf1 Kg3 85. Ke1 Kxh3 86. Kf2 Kg4 87. Kf1 Kg3 88. Ke1 h3 89. Kd1 f2 90. Kc2 h2 91. Kd2 f1=Q 92. Kc3 h1=Q 93. Kb4 Qc6 94. Ka3 Qc3+ 95. Ka4 Qfc4#) 67. Kf3 $2 (67. g4+ $15 Ke5 68. Kf2) 67... h5 {[%emt 0:00:26] Black mates.} 68. Ke3 Ke5 69. Kf3 Kd4 70. h4 gxh4 71. gxh4 {[%emt 0:00:08] KPP-KP} Ke5 72. Ke3 Kf5 73. Kf3 {[%emt 0:00:03] [#]} f6 $1 74. Ke3 Kg4 75. Ke4 f5+ 76. Ke3 Kg3 77. Ke2 f4 78. Kf1 Kxh4 {[%emt 0:00:15] KP-KP} 79. Kf2 Kg4 80. Kg2 f3+ 81. Kf2 Kf4 82. Kf1 Kg3 83. Kg1 f2+ 84. Kf1 h4 {[%emt 0:00:03] Weighted Error Value: White=0.30/Black=0.26 (precise)} 0-1

[Event "87th Spanish Championship 2022"]
[Site "Linares"]
[Date "2022.08.12"]
[Round "2.36"]
[White "Maldonado Mena, German"]
[Black "Martinez Fernandez, Adrian"]
[Result "0-1"]
[ECO "D35"]
[WhiteElo "2061"]
[BlackElo "2366"]
[Annotator "TA"]
[PlyCount "62"]
[EventDate "2022.08.11"]
[EventType "swiss"]
[EventCountry "ESP"]
[SourceTitle "playchess.com"]
[Source "ChessBase"]
[SourceQuality "1"]
[TimeControl "5400+30"]

1. d4 Nf6 2. c4 e6 3. Nc3 d5 4. cxd5 exd5 5. Bg5 c6 6. e3 h6 7. Bh4 Be7 8. Bd3 O-O 9. Qc2 {[%emt 0:04:26] 9.Nge2 is the fancy move.} Re8 10. Nf3 Ne4 {[%emt 0:00:16] D36: Queen's Gambit Declined: Exchange Variation: Main line (5 Bg5 c6 6 Qc2).} (10... Bg4 {with more complications.} 11. Ne5 Nbd7 12. h3 Be6) 11. Bxe7 Qxe7 12. Bxe4 dxe4 {[%emt 0:00:07] The position is equal.} 13. Ne5 f6 14. Ng6 {[%emt 0:00:39] Pair of Knights!} Qf7 15. Nf4 f5 16. h4 {[%emt 0:00:39] [#]} Nd7 $146 ({Predecessor:} 16... Be6 17. Nxe6 Rxe6 18. Qb3 Rd6 19. Qxf7+ Kxf7 20. Ke2 Na6 21. f3 exf3+ 22. Kxf3 Re8 {½-½ (37) Zgarba,R (1706)-Zpevakova,J (2087) Stare Mesto 2016}) 17. g4 (17. Qb3 $11) 17... fxg4 $17 18. Nxe4 {[%emt 0:01:41] [#]} (18. Qb3 $142) 18... Nf8 $1 19. Kd2 {[%emt 0:33:36] [#] aiming for Nd6.} Rd8 {[%emt 0:06:05] Prevents Nd6.} ({Of course not} 19... Bf5 $6 20. Nd6 Bxc2 21. Nxf7 $11) 20. Nd3 Bf5 21. Ne5 $2 {[%emt 0:00:06][%mdl 8192] This move loses the game for White.} (21. Ng3 $17 {is the only way for White.}) 21... Qe6 $19 {[%emt 0:01:57] ...Qxe5 is the strong threat. The board is on fire.} 22. Ke2 Ng6 (22... Qd5 23. Nf6+ gxf6 24. Qxf5 fxe5 25. Rag1 Qc4+ 26. Kd2 $17) 23. Nc5 Qxe5 {[%emt 0:00:42] Black is clearly winning.} ({Not} 23... Bxc2 24. Nxe6 Nxe5 25. dxe5 $15 (25. Nxd8 Bd3+ 26. Kd2 Rxd8 $17)) 24. dxe5 Bxc2 25. Rac1 Bf5 26. e4 Bd7 27. e6 Nf4+ 28. Ke3 Nxe6 29. Nxb7 Rdb8 30. Na5 Rxb2 {[%emt 0:00:42] Hoping for ...Rf8.} 31. Rhd1 {[%emt 0:00:52] [#]} Rf8 $1 {[%emt 0:02:25] Weighted Error Value: White=0.59/Black=0.09 (flawless)} 0-1

[Event "87th Spanish Championship 2022"]
[Site "Linares"]
[Date "2022.08.13"]
[Round "3.1"]
[White "Bernabeu Lopez, Carlos Javier"]
[Black "Santos Latasa, Jaime"]
[Result "0-1"]
[ECO "B92"]
[WhiteElo "2421"]
[BlackElo "2675"]
[Annotator "TA"]
[PlyCount "80"]
[EventDate "2022.08.11"]
[EventType "swiss"]
[EventCountry "ESP"]
[SourceTitle "playchess.com"]
[Source "ChessBase"]
[SourceQuality "1"]
[TimeControl "5400+30"]

1. e4 c5 2. Nf3 d6 3. d4 cxd4 4. Nxd4 Nf6 5. Nc3 a6 6. Be2 e5 7. Nb3 Be7 8. Be3 Be6 9. Nd5 Nbd7 10. Qd3 O-O {[%emt 0:00:11] B92: Sicilian Najdorf: 6 Be2.} 11. c4 b5 12. cxb5 axb5 {[%emt 0:00:35] The position is equal.} 13. O-O Bxd5 14. exd5 Nb6 15. Bxb6 Qxb6 16. Qxb5 Qa7 17. Qd3 Rfb8 {[%emt 0:00:16] [#]} 18. g3 $146 ({Predecessor:} 18. Rfc1 e4 19. Qd2 Bd8 20. Nd4 Ba5 21. Qd1 Rxb2 22. Nc6 Qc7 23. a4 e3 24. fxe3 {½-½ (46) Le,Q (2713)-Grischuk,A (2777) Chess.com INT 2020}) 18... Rb4 {[%emt 0:05:14][%mdl 1024] Black has compensation.} 19. Kg2 (19. a3 $11 Rb6 20. a4) 19... Rab8 20. Rfd1 g6 21. Qe3 Qa8 22. Qd2 ({White should play} 22. Qd3 $1 $15) 22... Bd8 {[%emt 0:00:34] Black is more active.} 23. h3 (23. Qd3 $15) 23... Kg7 24. Bf3 (24. Qd3 $142) 24... h5 25. Kh2 (25. h4 $17) 25... h4 $19 26. Bg2 Qa7 27. Rf1 Nd7 (27... Ne4 $19 28. Bxe4 Rxe4) 28. Qe3 {[%emt 0:06:39] Now White is beyond hope.} (28. g4 $17) 28... hxg3+ 29. Kxg3 Bb6 30. Qd2 {[%emt 0:00:23] [#]} Nf6 $1 {[%emt 0:00:23] ...Rf4 is the strong threat.} 31. Kh2 Rf4 32. Nc1 {[%emt 0:01:15] [#]} (32. Kg1 $142) 32... Rxf2 (32... Ng4+ $142 $1 33. Kh1 Rxf2) 33. Rxf2 Bxf2 34. Nd3 Be3 35. Qe2 Bd4 {[%emt 0:03:13][%cal Oe5e4] aiming for ...e4!} ({But not} 35... e4 $2 36. Re1 exd3 37. Qxe3 Qxe3 38. Rxe3 $19) 36. Qd2 (36. Be4 $142) 36... e4 37. Nb4 {[%emt 0:01:17] [#]} Ng4+ $1 {[%emt 0:00:40][%mdl 512] Black mates.} 38. hxg4 (38. Kh1 Nf2+) 38... Be5+ 39. Kh3 Rh8+ 40. Qh6+ Rxh6# {Weighted Error Value: White=0.79/Black=0.25 (precise)} 0-1

[Event "87th Spanish Championship 2022"]
[Site "Linares"]
[Date "2022.08.13"]
[Round "3.2"]
[White "Iturrizaga Bonelli, Eduardo"]
[Black "Lianes Garcia, Marcos"]
[Result "1-0"]
[ECO "A06"]
[WhiteElo "2619"]
[BlackElo "2411"]
[Annotator "TA"]
[PlyCount "93"]
[EventDate "2022.08.11"]
[EventType "swiss"]
[EventCountry "ESP"]
[SourceTitle "playchess.com"]
[Source "ChessBase"]
[SourceQuality "1"]
[TimeControl "5400+30"]

1. Nf3 d5 2. e3 Nf6 3. c4 e6 4. Nc3 dxc4 5. Bxc4 a6 6. O-O $1 {[%emt 0:09:11] A17: English Opening: 1...Nf6 with ...Bb4.} b5 7. Be2 Bb7 8. b3 {[%emt 0:04:12] The position is equal.} Nbd7 9. Bb2 Be7 10. Qc2 O-O 11. Rac1 c5 12. a4 b4 13. Nb1 {[%emt 0:00:22] [#]} Qc7 $146 ({Predecessor:} 13... Rc8 14. d3 Nd5 15. Rfd1 Bf6 16. Bf1 Qe7 17. e4 Bxb2 18. Qxb2 Nf4 {0-1 (67) Klings,P (2101)-Spitzl,V (2277) Germany 2018}) 14. d3 Rac8 15. Nbd2 Rfd8 16. Rfd1 Nd5 17. e4 Nf4 18. Bf1 e5 (18... Bf6 $11) 19. g3 $14 Ne6 20. Bh3 Bf6 21. Bxe6 fxe6 22. Nc4 a5 23. Qb1 Ba6 24. Qa1 {[%emt 0:00:05] White is more active.} Bxc4 25. dxc4 Kf7 ({Better is} 25... Qb7) 26. Rd3 $16 Ke7 27. Rcd1 Qc6 28. Qb1 ({Much less strong is} 28. Nxe5 $6 Nxe5 29. Bxe5 Qxe4 30. Bxf6+ gxf6 31. Rxd8 Rxd8 $16) 28... Qc7 29. g4 {[%emt 0:01:23] g5 is the strong threat.} g6 (29... g5 $16 {was called for.} 30. h4 Nf8 31. hxg5 Bg7) 30. Qc1 $18 ({Resist} 30. g5 Bg7) 30... Ke8 31. Kg2 Nf8 32. Rxd8+ Rxd8 33. Rxd8+ Kxd8 $2 {[%emt 0:00:08] [#]} (33... Qxd8 34. Bxe5 Bxe5) 34. Bxe5 $1 Bxe5 35. Qg5+ Qe7 36. Qxe5 {[%emt 0:01:39][%mdl 4096] Endgame White threatens Qb8+ and mate. KQN-KQN} Nd7 {[%emt 0:00:10] Prevents Qb8+.} 37. Qh8+ Qf8 $2 (37... Kc7 {is more resistant.} 38. Qa8 Kb6) 38. Qxh7 Qf4 39. Qh4+ Kc8 40. g5 Qc1 41. Qg4 Qc2 42. Qxe6 Qxb3 43. e5 {[%emt 0:02:28][%cal Be4e5,Be5e6,Be6e7][%mdl 32] Intending Qe8+ and mate.} Qxa4 44. Qe8+ {[%emt 0:00:39] White mates.} Kc7 45. e6 b3 46. e7 b2 47. Qd8+ {[%emt 0:00:05] Weighted Error Value: White=0.07 (flawless) /Black=0.36} 1-0

[Event "87th Spanish Championship 2022"]
[Site "Linares"]
[Date "2022.08.13"]
[Round "3.3"]
[White "Alonso Garcia, Aaron"]
[Black "Salgado Lopez, Ivan"]
[Result "1/2-1/2"]
[ECO "B42"]
[WhiteElo "2374"]
[BlackElo "2604"]
[Annotator "TA"]
[PlyCount "94"]
[EventDate "2022.08.11"]
[EventType "swiss"]
[EventCountry "ESP"]
[SourceTitle "playchess.com"]
[Source "ChessBase"]
[SourceQuality "1"]
[TimeControl "5400+30"]

1. e4 c5 2. Nf3 e6 3. d4 cxd4 4. Nxd4 a6 5. Bd3 Bc5 6. Nb3 Ba7 7. Qg4 Nf6 8. Qg3 d6 {[%emt 0:00:57] B42: Sicilian: Kan Variation: 5 Bd3.} 9. Nc3 (9. Qxg7 Rg8 10. Qh6 Bxf2+ $1 11. Kd1 Rxg2 $17) 9... Nc6 10. Bg5 (10. Qxg7 Rg8 11. Qh6 Bxf2+ $1 12. Kd1 Rg6 $17) 10... Ne5 (10... h6 $11 11. Bd2 Nh5) 11. f4 $14 {[%emt 0:15:36] [#]} Neg4 $146 (11... Nxd3+ $14 12. Qxd3 Qb6) ({Predecessor:} 11... Nxd3+ 12. Qxd3 h6 13. Bxf6 Qxf6 14. g3 O-O 15. O-O-O Bb8 16. Rdf1 Bd7 17. g4 Bc6 {1-0 (39) Lampert,J (2299)-Martin Fernandez,R (2131) Bad Wiessee 2012}) 12. Bxf6 Nxf6 13. e5 (13. Qxg7 Rg8 14. Qh6 Rxg2 $11) 13... dxe5 14. fxe5 Nh5 15. Qg4 g6 {[%emt 0:00:35] [#]} 16. O-O-O $1 Qc7 17. Rhe1 (17. Kb1 $142) 17... O-O 18. Qc4 {[%emt 0:00:53] 0x0.002360d128eadp-1022s more active pieces.} (18. Kb1 $16) 18... Qxc4 $11 19. Bxc4 Bb8 20. g3 Bc7 21. Bf1 Rb8 22. Nc5 Ng7 23. b4 h5 24. Kb2 Nf5 25. a3 Re8 26. Nb1 Kf8 27. Nd2 Rd8 (27... Ke7 {is more complex.} 28. Ndb3 Nh6 29. Nd4 Ng4) 28. Nc4 (28. Nf3 $11) 28... Rxd1 $15 29. Rxd1 Ke7 $1 30. Ne4 (30. Re1 $15) 30... Bd7 $17 31. Bh3 Bc6 ({Better is} 31... Bb5 $17 32. Ncd6 Bc6 33. Bxf5 gxf5) 32. Ned6 (32. Nc5 $15) 32... Rd8 $19 33. Bxf5 gxf5 (33... exf5 $19 34. Na5 f6) 34. Na5 $17 f6 35. Rd3 Bxd6 (35... fxe5 36. Ndxb7 Bxb7 37. Rxd8 Bxd8 38. Nxb7) 36. Nxc6+ bxc6 37. exd6+ Rxd6 38. Rxd6 (38. Rf3 $17) 38... Kxd6 {[%emt 0:00:29][%mdl 4096] Endgame KP-KP} 39. c4 {[%emt 0:00:01] [#]} a5 $2 (39... Ke5 $1 $19 {[%cal Re5d4] Threatens to win with ...Kd4.} 40. Kc3 f4 41. gxf4+ Kxf4) 40. Kc3 (40. bxa5 $2 c5 41. Kb3 Kc6 $19) ({White must play} 40. Kb3 $1 $15) 40... e5 ({Black should play} 40... axb4+ $19 41. axb4 Ke5) 41. Kd2 $15 (41. bxa5 $2 c5 42. Kd3 Kc6 $19) 41... e4 42. Ke2 (42. bxa5 c5 43. Kd1 Kc7 $19) 42... Ke5 {[%emt 0:01:20] Hoping for ...axb4.} 43. Ke3 $1 (43. bxa5 $2 Kd6 44. a6 Kc7 $19) 43... Ke6 44. Ke2 (44. bxa5 $2 Kd6 45. a6 Kc7 $19) 44... Kd6 45. Kd2 (45. bxa5 Kc7 46. Kd2 Kb7 $19) 45... Ke6 46. Ke2 $1 (46. bxa5 Kd6 47. a6 Kc7 $19) 46... Ke5 {[%emt 0:00:31] White must now prevent ...axb4.} 47. Ke3 $1 ({Not} 47. bxa5 $2 Kd6 48. a6 Kc7 $19) 47... Kd6 {[%emt 0:01:39] White happily takes the draw.  Weighted Error Value: White=0.21 (precise) /Black=0.30} (47... axb4 $15 48. axb4 Kd6) 1/2-1/2

[Event "87th Spanish Championship 2022"]
[Site "Linares"]
[Date "2022.08.13"]
[Round "3.4"]
[White "Yuffa, Daniil"]
[Black "Tejedor Fuente, Enrique"]
[Result "1-0"]
[ECO "D20"]
[WhiteElo "2603"]
[BlackElo "2419"]
[Annotator "TA"]
[PlyCount "89"]
[EventDate "2022.08.11"]
[EventType "swiss"]
[EventCountry "ESP"]
[SourceTitle "playchess.com"]
[Source "ChessBase"]
[SourceQuality "1"]
[TimeControl "5400+30"]

1. d4 d5 2. c4 dxc4 3. e4 e5 4. Nf3 exd4 5. Bxc4 Nc6 6. O-O Be6 7. Bxe6 fxe6 8. Qb3 Qd7 {[%emt 0:00:40] D20: Queen's Gambit Accepted: 3 e3 and 3 e4.} 9. Qxb7 Rb8 10. Qa6 Nge7 {[%emt 0:02:37] White has an edge.} 11. Ne1 $5 {[%emt 0:08:47][%mdl 4] [#] An interesting side line.} e5 $146 ({Predecessor:} 11... Ng6 12. f4 Be7 13. g3 O-O 14. Nd2 Rfd8 15. Rf3 Nh8 16. a3 Nf7 17. b4 Rb6 {½-½ (33) Stein,K (2528)-Kluegel,J (2517) GER email 2019}) 12. Nd3 Ng6 13. Nd2 ({White should try} 13. Bd2 $14) 13... Bd6 (13... Rb6 $5 14. Qa4 Nb4 15. Qxd7+ Kxd7 16. Nxb4 Bxb4 $11) 14. Nc4 (14. a3 {feels hotter.} Nf4 15. b4 O-O 16. f3) 14... O-O (14... Nb4 $1 $11 {remains equal.} 15. Nxb4 Bxb4) 15. Bd2 $16 Rbe8 ({Black should play} 15... Nd8) 16. Qa4 Re6 (16... Nb8 $142 17. Qxa7 Qb5 18. Nxd6 cxd6) 17. f3 {[%emt 0:01:08] White is more active.} Nh4 18. Be1 Nxg2 {[%emt 0:05:32][%mdl 8192] This move loses the game for Black.} 19. Kxg2 $18 Rh6 {[%emt 0:00:27] [#] ( -> ...Qh3+)} 20. Bg3 ({Don't take} 20. h4 Kh8 21. Nxd6 cxd6 $18) 20... Qh3+ 21. Kf2 ({Not} 21. Kg1 Rg6 22. Rf2 (22. Qxc6 Rxg3+ 23. hxg3 Qxg3+ 24. Kh1 Qh3+ 25. Kg1 Qg3+ 26. Kh1 Qh3+ 27. Kg1 Qg3+ $11) 22... h5 $18) 21... Rhf6 22. Ke2 Nd8 (22... Qg2+ $2 23. Rf2 Qh3 24. Qxc6) 23. Rf2 h5 24. Raf1 Nf7 25. Bxe5 Bxe5 26. Ncxe5 Ng5 27. Qd7 Ne6 28. Rg1 {[%emt 0:02:40][%cal Og1g7] Black must now prevent Rxg7+!} g5 29. Rg3 Qh4 30. Rfg2 Kh8 31. Qe7 c5 32. b3 a5 33. Rxg5 Nxg5 {[%emt 0:00:27] [#]} 34. Qxf8+ $3 {[%emt 0:00:13][%mdl 576] Deflection, Decoy} Rxf8 35. Ng6+ {[%emt 0:00:04] Pair of Knights!} Kh7 36. Nxh4 Ne6 37. Nf5 a4 38. Kd1 axb3 39. axb3 Rb8 40. Ne5 Rxb3 41. Nd7 {[%emt 0:01:47] White mates.} Kh8 42. Nf6 Rb1+ 43. Kc2 Rb8 44. Rg6 d3+ 45. Kc3 {[%emt 0:00:13] Weighted Error Value: White=0.11 (very precise) /Black=0.58} 1-0

[Event "87th Spanish Championship 2022"]
[Site "Linares"]
[Date "2022.08.13"]
[Round "3.5"]
[White "Macias Pino, Diego"]
[Black "Perez Candelario, Manuel"]
[Result "1/2-1/2"]
[ECO "C47"]
[WhiteElo "2355"]
[BlackElo "2578"]
[Annotator "TA"]
[PlyCount "73"]
[EventDate "2022.08.11"]
[EventType "swiss"]
[EventCountry "ESP"]
[SourceTitle "playchess.com"]
[Source "ChessBase"]
[SourceQuality "1"]
[TimeControl "5400+30"]

1. e4 e5 2. Nf3 Nc6 3. Nc3 Nf6 4. d4 exd4 5. Nxd4 Bb4 6. Nxc6 bxc6 7. Bd3 d5 8. exd5 O-O {[%emt 0:00:26] The modern move.} 9. O-O cxd5 10. h3 {[%emt 0:00:11] C47: Scotch Four Knights and Four Knights with 4 g3.} c6 11. Qf3 Bd6 12. Re1 Rb8 13. b3 a5 14. Bf4 {[%emt 0:08:16] [#]} Bxf4 $146 ({Predecessor:} 14... Be6 15. Na4 Qc7 16. Bg5 Nd7 17. Qh5 g6 18. Qe2 Bh2+ 19. Kh1 Bf4 20. Bxf4 Qxf4 {½-½ (39) Van Foreest,J (2644)-So,W (2765) Wijk aan Zee 2020}) 15. Qxf4 Rb4 16. Qf3 Qd6 17. Rad1 Bd7 18. Ne2 Re8 19. c4 a4 20. cxd5 cxd5 21. Rd2 axb3 22. axb3 Qb6 23. Bc2 {[%emt 0:01:45] The position is equal.} Bb5 24. Red1 Bxe2 25. Rxe2 Rxe2 26. Qxe2 Qc5 27. Qd2 g6 28. Rc1 Qd6 29. Ra1 Kg7 30. Ra4 Rb8 31. Rd4 Ra8 32. Ra4 Rc8 33. Rd4 Qe5 {[%emt 0:03:56][%cal Oc8c2] [#] ...Rxc2! is the strong threat.} 34. Bd1 Ra8 35. g3 Ra1 {[%emt 0:02:00] Strongly threatening ...Ne4.} 36. Kg2 $1 Ne4 37. Rxd5 {[%emt 0:00:41] Weighted Error Value: White=0.06 (flawless) /Black=0.05 (flawless)} 1/2-1/2

[Event "87th Spanish Championship 2022"]
[Site "Linares"]
[Date "2022.08.13"]
[Round "3.6"]
[White "Cuenca Jimenez, Jose Fernando"]
[Black "Vega Gutierrez, Sabrina"]
[Result "1/2-1/2"]
[ECO "E06"]
[WhiteElo "2552"]
[BlackElo "2366"]
[Annotator "TA"]
[PlyCount "127"]
[EventDate "2022.08.11"]
[EventType "swiss"]
[EventCountry "ESP"]
[SourceTitle "playchess.com"]
[Source "ChessBase"]
[SourceQuality "1"]
[TimeControl "5400+30"]

1. d4 d5 2. c4 e6 3. Nf3 Nf6 4. g3 Be7 5. Bg2 O-O 6. O-O c6 7. Qc2 b6 $1 {[%emt 0:00:20][%mdl 4] is more profitable than 7...Nbd7 at the moment.} 8. Rd1 Nbd7 9. Nbd2 {[%emt 0:03:44] E08: Closed Catalan: Main Line: 7 Qc2.} Ba6 10. e4 dxc4 (10... Nxe4 $11 11. Nxe4 dxe4) 11. Nxc4 $16 {[%emt 0:04:42] White is better.} Bxc4 12. Qxc4 Nxe4 13. Qxc6 Nef6 14. Ne5 Rc8 {[%emt 0:06:45] [#]} 15. Qa4 {[%emt 0:01:03] 0x0.00144e2c9f09dp-1022s more active pieces.} b5 {[%emt 0:02:03] [#]} 16. Qxb5 $146 (16. Qb3 $16) ({Predecessor:} 16. Qb3 Qb6 17. Be3 a5 18. a4 b4 19. Rac1 Qa6 20. Nc6 Bd6 21. Bf4 Bxf4 22. Ne7+ {1-0 (36) Andreasen,P (2303)-Simonsen,H (2295) Vagur 2006}) 16... Nxe5 $14 17. Qxe5 Rc2 18. Qb5 Qb8 19. Qxb8 Rxb8 20. h3 h6 21. Rb1 Ba3 22. Bf1 $1 Bd6 23. Bd3 Rcc8 24. Bd2 Nd5 25. Rbc1 Rxc1 26. Bxc1 ({But not} 26. Rxc1 Rxb2 27. Rc8+ Bf8 $11) 26... Be7 27. Bc4 Nb6 28. Bf4 Rd8 29. b3 Bf6 30. Be3 Rc8 31. Rc1 Rd8 32. Rd1 Rc8 $1 33. Bd3 Nd5 34. Kg2 e5 35. dxe5 Nxe3+ 36. fxe3 Bxe5 $16 {[%emt 0:00:11][%mdl 4096] Endgame KRB-KRB} 37. Bf5 Re8 38. Rd7 a5 39. Kf3 Bc3 40. Bd3 Bb4 41. Bc4 Re7 42. Rd8+ Kh7 43. e4 g6 44. Rd5 Kg7 45. a3 Be1 46. g4 Ra7 47. Bd3 Bc3 48. Rb5 Bb2 49. a4 Bc3 50. Bc4 Rd7 51. Bd5 Kf6 52. h4 Rc7 53. Ke3 Bb4 54. Bc4 Rd7 55. e5+ Kg7 56. Rxb4 axb4 {[%emt 0:00:03] KR-KB. The position is equal.} 57. g5 hxg5 58. hxg5 Kf8 59. a5 {[%emt 0:00:17] [#] Hoping for a6.} Ke7 60. a6 {[%emt 0:00:18] Strongly threatening Ke4.} Kd8 61. Bb5 Re7 62. Kd4 {[%emt 0:00:30] And now Bc6 would win.} Kc7 {[%emt 0:00:01] Inhibits Bc6.} 63. Bc4 Kb6 64. Ke4 {Weighted Error Value: White=0.07 (flawless) /Black=0.06 (flawless)} 1/2-1/2